 Dungeon Crawl Stone Soup version 0.21-a0-184-g9126a74 (webtiles) character file.

55 Goblin1989 the Firebug (level 3, -3/26 HPs)
             Began as a Draconian Fire Elementalist on Aug 11, 2017.
             Slain by a gnoll
             ... wielding a +0 halberd
              (5 damage)
             ... on level 2 of the Dungeon.
             The game lasted 00:12:30 (2083 turns).

Goblin1989 the Firebug (DrFE)                       Turns: 2083, Time: 00:12:33

Health: -3/26      AC: 12    Str: 10    XL:     3   Next: 67%
Magic:  1/6        EV:  6    Int: 16    God:
Gold:   32         SH:  0    Dex: 11    Spells: 3/7 levels left

rFire    . . .     SeeInvis .   i - +0 spear
rCold    . . .     Gourm    .   (no shield)
rNeg     . . .     Faith    .   (armour unavailable)
rPois    .         Spirit   .   (helmet restricted)
rElec    .         Reflect  .   (no cloak)
rCorr    .         Harm     .   (no gloves)
MR       .....                  g - +0 pair of boots (curse)
Stlth    +.........             (no amulet)
HPRegen  0.08/turn              k - +6 ring of protection {=R}
MPRegen  0.10/turn              n - ring of loudness (curse)

@: about to teleport, very slightly contaminated, held
A: unfitting armour, cold-blooded, AC +5
a: no special abilities


You were on level 2 of the Dungeon.
You were not hungry.

You visited 1 branch of the dungeon, and saw 2 of its levels.

You collected 32 gold pieces.

Inventory:

Hand Weapons
 i - a +0 spear (weapon)
Missiles
 m - 36 stones (quivered)
 U - 13 arrows
 V - 13 sling bullets
Armour
 g - a cursed +0 pair of boots (worn)
Jewellery
 k - a +6 ring of protection (left hand) {=R}
 n - a cursed ring of loudness (right hand)
 u - a cursed -3 ring of evasion {unknown}
 W - an uncursed ring of protection from cold {unknown}
Scrolls
 l - a scroll of fog {unknown}
 q - a scroll of random uselessness {unknown}
 r - a scroll of amnesia {unknown}
 t - a scroll of magic mapping {unknown}
 T - a scroll of teleportation {!r, @r3}
Potions
 o - a potion of haste
 p - a potion of mutation {!q}
 Y - a potion of degeneration {unknown}
Books
 a - a book of Flames

   Spells                             Type                      Level
   a - Flame Tongue                   Conjuration/Fire             1
   b - Throw Flame                    Conjuration/Fire             2
   c - Conjure Flame                  Conjuration/Fire             3
   d - Inner Flame                    Hexes/Fire                   3
   e - Sticky Flame                   Conjuration/Fire             4
   f - Fireball                       Conjuration/Fire             5
Comestibles
 e - 3 bread rations {@e1}
 s - a royal jelly
 X - a chunk of flesh


   Skills:
 - Level 1.7 Dodging
 - Level 1.7 Stealth
 + Level 2.5 Spellcasting
 * Level 2.4 Conjurations
 * Level 3.5 Fire Magic


You had 3 spell levels left.
You knew the following spells:

 Your Spells              Type           Power        Failure   Level  Hunger
a - Flame Tongue          Conj/Fire      ##...        6%          1    #......
j - Conjure Flame         Conj/Fire      ##......     17%         3    ###....


Dungeon Overview and Level Annotations

Branches:
Dungeon (2/15)

Altars:
Sif Muna
Xom


Innate Abilities, Weirdness & Mutations

Your plain brown scales are hard. (AC +5)
You cannot fit into any form of body armour.
You are cold-blooded and may be slowed by cold attacks.


Message History

You eat one of the 2 chunks of flesh.
This raw flesh tastes terrible.
You feel sick. x4
You are no longer poisoned.
You take 3 damage, and have 16/26 hp.
You start resting.
Magic restored.
HP restored.
Health restored: 26; MP restored: 6
There is an open door, spattered with blood here.
Y - a lumpy brown potion
There is a stone staircase leading down here.
Found a stone staircase leading down. 2 gnolls come into view.
The gnoll shouts! x2
A gnoll comes into view. It is wielding a spear.
Unknown command.
Casting: Flame Tongue
Confirm with . or Enter, or press ? or * to list all spells.
You can't see any susceptible monsters within range! (Use Z to cast anyway.)
Casting: Flame Tongue
Confirm with . or Enter, or press ? or * to list all spells.
Aiming: Flame Tongue
Press: ? - help, Shift-Dir - straight line, f - gnoll
Aim: a gnoll The flame tongue hits the gnoll.
The gnoll appears unharmed.
You now have 5/6 mp.
Casting: Flame Tongue
Confirm with . or Enter, or press ? or * to list all spells.
Aiming: Flame Tongue
Press: ? - help, Shift-Dir - straight line, f/p - gnoll
Aim: a gnoll You miscast Flame Tongue.
You are very lightly contaminated with residual magic.
You hear a sizzling sound.
You now have 4/6 mp.
The gnoll hits you but does no damage.
A gnoll comes into view. It is wielding a halberd.
The gnoll shouts!
The gnoll hits you but does no damage.
There is a stone staircase leading up here.
The gnoll shouts!
The gnoll barely misses you.
The gnoll throws a throwing net.
The throwing net hits you.
You become entangled in the net!
You stop ascending the stairs.
Unknown command.
Unknown command.
You can't do that while held in a net.
Unknown command.
Casting: Flame Tongue
Confirm with . or Enter, or press ? or * to list all spells.
Aiming: Flame Tongue
Press: ? - help, Shift-Dir - straight line, f - gnoll, p - gnoll
Aim: a gnoll, wielding a halberd The flame tongue misses the gnoll.
The gnoll hits you but does no damage.
The gnoll hits you from afar with a halberd. x2
You take 8 damage, and have 18/26 hp.
MASSIVE DAMAGE!!
You now have 4/6 mp.
Casting: Flame Tongue
Confirm with . or Enter, or press ? or * to list all spells.
Okay, then.
Really read
T - 2 scrolls of teleportation {!r, @r3}?
As you read the scroll of teleportation {!r, @r3}, it crumbles to dust.
You feel strangely unstable. The gnoll hits you. The gnoll barely misses you.
You take 5 damage, and have 13/26 hp.
Unknown command.
Casting: Flame Tongue
Confirm with . or Enter, or press ? or * to list all spells.
Aiming: Flame Tongue
Press: ? - help, Shift-Dir - straight line, f/p - gnoll
Aim: a gnoll, wielding a halberd
Okay, then.
Casting: Flame Tongue
Confirm with . or Enter, or press ? or * to list all spells.
Aiming: Flame Tongue
Press: ? - help, Shift-Dir - straight line, f/p - gnoll
Aim: a gnoll, wielding a halberd The flame tongue hits the gnoll.
The gnoll appears unharmed.
The gnoll hits you but does no damage.
The gnoll hits you from afar with a halberd.
You take 1 damage, and have 12/26 hp.
You now have 3/6 mp.
Casting: Flame Tongue
Confirm with . or Enter, or press ? or * to list all spells.
Aiming: Flame Tongue
Press: ? - help, Shift-Dir - straight line, f/p - gnoll
Aim: a gnoll, wielding a halberd The flame tongue hits the gnoll.
The gnoll appears unharmed.
The gnoll hits you but does no damage. The gnoll closely misses you.
The gnoll hits you but does no damage.
You now have 2/6 mp.
Casting: Flame Tongue
Confirm with . or Enter, or press ? or * to list all spells.
Aiming: Flame Tongue
Press: ? - help, Shift-Dir - straight line, f/p - gnoll
Aim: a gnoll, wielding a halberd The flame tongue hits the gnoll.
The gnoll is moderately wounded.
The gnoll hits you but does no damage.
The gnoll hits you from afar with a halberd!
* * * LOW HITPOINT WARNING * * *
The gnoll hits you from afar with a halberd.
You die... ██████████.█.█ █.█ .█████ █....███ █.█ .....█ █......█ █.█ .███.█ █....█.█ █.██████ █....█ ████.█.█ █....... .███.██ █.█.██████ ████████

████g.██████...[....█
....g............██.█
██.█..█........█@██.█████
.█.█.██......gg.g.......█
█..>.███.███..██g██.███)█
██.█.███.█ █..██.██.█ █.█████████
█........█ █.g......███.██.......
██.......███.███...........██████
Ψ█.█.........█ ██████.█.█........
.∆.████.██████ ██....█.███████


Ψ███ █.█ ██.....█.███ You could see 4 gnolls.

Vanquished Creatures
  An adder (D:2)
  An ooze (D:2)
  A worm (D:2)
  2 dart slugs
  A leopard gecko (D:1)
  A giant cockroach (D:1)
  3 hobgoblins (D:1)
  4 jackals (D:1)
  3 bats
  2 frilled lizards
  8 goblins
  3 kobolds
  4 rats
34 creatures vanquished.

Notes
Turn   | Place    | Note
-------+----------+-------------------------------------------
     0 | D:1      | Goblin1989 the Draconian Fire Elementalist began the quest for the Orb.
     0 | D:1      | Reached XP level 1. HP: 14/14 MP: 3/3
   302 | D:1      | Reached XP level 2. HP: 20/20 MP: 0/5
  1350 | D:2      | Reached XP level 3. HP: 23/26 MP: 3/6
  1648 | D:2      | Upgraded the game from 0.21-a0-179-gd2bfb5f to 0.21-a0-184-g9126a74
  1655 | D:2      | Learned a level 3 spell: Conjure Flame
  1831 | D:2      | Found a deep blue altar of Sif Muna.
  1836 | D:2      | Found a shimmering altar of Xom.
  2083 | D:2      | Slain by a gnoll

Vault maps used:
D:1:      lightli_arrival_quake, minivault_25, minmay_misc_feat_x
D:2:      gammafunk_temple_overflow_statue, minmay_misc_feat_cross

Skill      XL: |  1  2 |
---------------+-------+-----
Conjurations   | 2 |  2.4
Dodging        | |  1.7
Stealth        | |  1.7
Spellcasting   | |  2.5
Fire Magic     | |  3.5

Action                   || total
-------------------------++-------
Melee: Spear             ||    18
 Cast: Flame Tongue      ||    62
  Use: Scroll            ||     4
 Stab: Sleeping          ||     1
  Eat: Chunk             ||     4
Armor: Skin              ||    17
Dodge: Dodged            ||    32

Vault maps used:
D:1:      lightli_arrival_quake, minivault_25, minmay_misc_feat_x
D:2:      gammafunk_temple_overflow_statue, minmay_misc_feat_cross
